 Dungeon Crawl Stone Soup version 0.32-a0-540-g866d131 (webtiles) character file.

Game seed: 15212395349785502385

1248 Lookonthedarkside the Changeling (level 8, -2/68 (75) HPs)
             Began as a White Draconian Shapeshifter on Feb 28, 2024.
             Was an Initiate of Wu Jian.
             Slain by a wight
             ... wielding a +0 dire flail
              (8 damage)
             ... on level 5 of the Dungeon.
             The game lasted 00:06:42 (4699 turns).

Lookonthedarkside the Changeling (DrSh)             Turns: 4699, Time: 00:06:42

HP:   -2/68 (75)    AC:  6    Str: 17    XL:     8   Next: 26%
MP:   8/8           EV: 13    Int: 10    God:    Wu Jian [......]
Gold: 84            SH:  0    Dex: 13    Spells: 7/7 levels left

rFire   . .          .
                       - Unarmed
rCold   + . .        (no shield)
rNeg    . . .        (body armour unavailable)
rPois   .            (helmet currently unavailable)
rElec   .            (cloak currently unavailable)
rCorr   .            (gloves currently unavailable)
SInv    .            (boots currently unavailable)
Will    .....        (no amulet)
Stlth   +            (no ring)
HPRegen 0.31/turn    (no ring)
MPRegen 0.11/turn

%: no passive effects
@: beast-form, drained
A: beast (slay +3), glacial breath, AC +6, unfitting armour, cold resistance 1,
cold-blooded, robust 1, inability to drink after injury 1, noise suppression
a: Glacial Breath, Begin Untransformation, Renounce Religion


You were on level 5 of the Dungeon.
You worshipped Wu Jian.
Wu Jian was noncommittal.
You were a hulking beast.
You visited 2 branches of the dungeon, and saw 6 of its levels.

You collected 149 gold pieces.
You spent 65 gold pieces at shops.

Inventory:

Armour
 j - a +1 cloak
 r - a +0 cloak of poison resistance
 u - a +1 pair of gloves
Talismans
 b - a beast talisman (active)
 c - a flux talisman
Scrolls
 e - a scroll of poison
 g - a scroll of identify
 i - 2 scrolls of immolation
 k - a scroll of fog
 m - a scroll of amnesia
 n - a scroll of enchant armour
 q - a scroll of enchant weapon {unknown}
 s - a scroll of acquirement {unknown}
Potions
 a - a potion of degeneration {unknown}
 f - 4 potions of curing {unknown}
 h - a potion of berserk rage {unknown}
 l - a potion of magic {unknown}
 p - a potion of might {unknown}
 t - 2 potions of enlightenment {unknown}
 v - a potion of haste {unknown}


   Skills:
 + Level 5.4 Fighting
 - Level 3.4 Dodging
 + Level 5.8 Unarmed Combat
 * Level 6.4 Shapeshifting


You had 7 spell levels left.
You didn't know any spells.
Your spell library contained the following spells:

 Spells                   Type           Power      Damage    Failure   Level
 Freeze                   Ice            0%         1d3       36%         1
 Ensorcelled Hibernation  Hex/Ice        0%         N/A       50%         2
 Frozen Ramparts          Ice            0%         1d1       75%         3
 Hailstorm                Conj/Ice       0%         3d5       75%         3
 Ozocubu's Armour         Ice            0%         N/A       75%         3
 Passwall                 Erth           0%         N/A       75%         3
 Stone Arrow              Conj/Erth      0%         3d7       75%         3
 Swiftness                Air            0%         N/A       75%         3
 Animate Dead             Necr           0%         N/A       98%         4
 Metabolic Englaciation   Hex/Ice        0%         N/A       100%        5
 Sculpt Simulacrum        Ice/Alch       0%         N/A       100%        6
 Haunt                    Necr/Summ      0%         N/A       100%        7
 Infestation              Necr           0%         N/A       100%        8
 Lehudib's Crystal Spear  Conj/Erth      0%         10d2      100%        8
 Animate Armour           Summ/Erth      Unusable   N/A       N/A         4

Dungeon Overview and Level Annotations

Branches:
Dungeon (5/15) Zot: 25325  Temple (1/1) D:4 Zot: 5981

Altars:
Ashenzari
Dithmenos
Elyvilon
Gozag
Kikubaaqudgha
Makhleb
Nemelex Xobeh
Okawaru
Qazlal
Sif Muna
Uskayaw
Vehumet
Wu Jian
Yredelemnul
Zin

Shops:
D:3 !


Innate Abilities, Weirdness & Mutations

You are a hulking beast.
Your limbs bulge with bestial killing power. (Slay +3)
You can breathe waves of cold which freeze foes solid.
Your icy white scales are hard. (AC +6)
You cannot fit into any form of body armour.
Your flesh is cold resistant. (rC+)
You are cold-blooded and may be slowed by cold attacks.
You are robust. (+10% HP)
You occasionally lose the ability to drink potions when taking damage.
You passively dampen the noise of your surroundings.


Message History

You hit the wight.
Your tail-slap misses the wight.
The wight is lightly damaged.
The wight barely misses you.
You hit the wight but do no damage.
The wight is lightly damaged.
You lunge at the wight, in a flurry of attacks.
You hit the wight.
You destroy the wight!
The Council accepts your kill.
The wight hits you from afar with a +5 trident.
You feel drained. The wight closely misses you.
The wight hits you with a +6 mace.
You feel drained.
You take 3 HP, and have [29/70] HP You lunge at the wight.
You closely miss the wight. The wight barely misses you.
The wight closely misses you.
Things that are here:
a +3 morningstar; a +0 robe You punch the wight!
You tail-slap the wight.
The wight is severely damaged.
The wight hits you with a +5 trident!
* * * LOW HITPOINT WARNING * * *
The wight barely misses you.
You take 12 HP, and have [17/70] HP You barely miss the wight.
The wight is severely damaged.
The wight hits you with a +6 mace.
* * * LOW HITPOINT WARNING * * *
You feel drained.
* * * LOW HITPOINT WARNING * * *
The wight hits you with a +5 trident.
* * * LOW HITPOINT WARNING * * *
You feel drained.
* * * LOW HITPOINT WARNING * * *
You take 11 HP, and have [6/68] HP You hit the wight but do no damage.
You tail-slap the wight. You punch the wight.
You destroy the wight!
The Council accepts your kill.
The wight hits you with a +0 dire flail!
You die...

#............##
#.......####...
##........#.#...
...#.#..........
###...##.....#.#.##
#...##.....#.#.####
#...#...####...##.#
##z##...####.......
#hz.........####..
##)....###...# #..
#......# #.#.####..
#.........###........
#..........###........
###.#..........#......
##....###....#.##...
#..... .##....#...
#..... .##.....).)


You could see 2 wights.

Vanquished Creatures
  Pikel (D:4)
  Menkaure (D:5)
  Edmund (D:5)
  An ice beast (D:5)
  2 wights (D:5)
  A howler monkey (D:3)
  A hound (D:4)
  A bombardier beetle (D:4)
  3 orc priests
  4 orc wizards
  4 gnolls (D:5)
  2 adders
  A shadow imp (D:5)
  5 dart slugs
  2 ribbon worms
  6 orcs
  3 ball pythons (D:2)
  6 endoplasms
  4 giant cockroaches
  11 goblins
  2 hobgoblins
  5 jackals
  A quokka (D:4)
  6 bats
  2 frilled lizards
  8 kobolds
  6 rats
90 creatures vanquished.

Notes
Turn   | Place    | Note
-------+----------+-------------------------------------------
     0 | D:1      | Lookonthedarkside the Draconian Shapeshifter began the
                  | quest for the Orb.
     0 | D:1      | Reached XP level 1. HP: 16/16 MP: 1/1
   264 | D:1      | Reached XP level 2. HP: 23/23 MP: 2/2
   834 | D:1      | Found a faded altar of an unknown god.
  1177 | D:2      | Reached XP level 3. HP: 29/29 MP: 3/3
  1439 | D:2      | Found a glowing silver altar of Zin.
  1583 | D:3      | Found an ancient bone altar of Kikubaaqudgha.
  1674 | D:3      | Found Avih's Distillery.
  1682 | D:3      | Bought a potion of heal wounds for 65 gold pieces
  1734 | D:3      | Reached XP level 4. HP: 28/37 MP: 4/4
  1889 | D:3      | Found a stormy altar of Qazlal.
  2513 | D:4      | Reached XP level 5. HP: 36/42 MP: 5/5
  2542 | D:4      | Found a staircase to the Ecumenical Temple.
  2562 | Temple   | Entered the Ecumenical Temple
  2571 | Temple   | Became a worshipper of the Wu Jian Council
  3113 | D:4      | Reached skill level 4 in Shapeshifting
  3377 | D:5      | Entered Level 5 of the Dungeon
  3378 | D:5      | Noticed Edmund
  3457 | D:5      | Noticed an ice beast
  3463 | D:5      | Killed an ice beast
  3464 | D:5      | Reached XP level 6. HP: 50/51 MP: 6/6
  3809 | D:5      | Noticed Pikel
  3853 | D:4      | Gained mutation: You are robust. (+10% HP) [potion of
                  | mutation]
  3853 | D:4      | Gained mutation: You occasionally lose the ability to drink
                  | potions when taking damage. [potion of mutation]
  3853 | D:4      | Gained mutation: You passively dampen the noise of your
                  | surroundings. [potion of mutation]
  3865 | D:4      | Killed Pikel
  3866 | D:4      | Reached skill level 5 in Unarmed Combat
  3866 | D:4      | Reached skill level 5 in Shapeshifting
  3866 | D:4      | Your scales start taking on an icy white colour.
  3866 | D:4      | Reached XP level 7. HP: 12/66 MP: 7/7
  3866 | D:4      | Gained mutation: Your flesh is cold resistant. (rC+) [White
                  | Draconian growth]
  4235 | D:5      | Killed Edmund
  4236 | D:5      | Reached skill level 5 in Fighting
  4236 | D:5      | Reached skill level 6 in Shapeshifting
  4236 | D:5      | Reached XP level 8. HP: 19/74 MP: 8/8
  4484 | D:5      | Noticed Menkaure
  4490 | D:5      | Killed Menkaure
  4699 | D:5      | Slain by a wight

Illustrated notes

Levels and vault maps discovered:
D:1:      psy_arrival_basics, layout_basic,
          hellmonk_ecumenical_altar_inner_sanctum
D:2:      layout_rooms, basic_altar
D:3:      minmay_general_purpose_star, layout_loops_ring,
          mainiacjoe_overflow_concentric_impassable,
          mainiacjoe_overflow_six_doors_small, serial_shops, shop
D:4:      layout_layer_cave, minmay_temple_entry_statues_pillars
D:5:      layout_cave_pools, chequers_serial_rivers_small_a, uniq_menkaure,
          uniq_pikel, uniq_edmund
Temple:   dshaligram_water_room_temple

Skill      XL: |  1  2  3  4  5  6  7 |
---------------+----------------------+-----
Dodging        | 2 3 |  3.4
Fighting       | 2 3 4 5 |  5.4
Unarmed Combat | 4 5 |  5.8
Shapeshifting  | 4 5 6 |  6.4

Action                     |  1- 3 |  4- 6 |  7- 9 || total
---------------------------+-------+-------+-------++-------
  Melee: Unarmed           |   125 |   113 |    62 ||   300
         Tailslap          |    12 |    17 |    13 ||    42
         Punch             |     2 |     5 |     4 ||    11
Ability: Lunge             |       |     1 |     6 ||     7
         Glacial Breath    |       |       |     2 ||     2
    Use: Scroll            |       |     8 |       ||     8
         Potion            |       |     4 |     2 ||     6
   Stab: Sleeping          |     1 |       |       ||     1
 Armour: Skin              |    78 |   157 |    53 ||   288
  Dodge: Dodged            |    83 |    39 |    60 ||   182

Table legend: (Time is in decaauts)
 A = Elapsed time spent in this place.
 B = Non-inter-level travel time spent in this place.
 C = Inter-level travel time spent in this place.
 D = Time resting spent in this place.
 E = Time spent auto-exploring this place.
 F = Levels seen in this place.
 G = Mean time per level.
                   A        B        C        D        E       F      G
               +--------+--------+--------+--------+--------+-----+--------+
         Total |   4692 |   4438 |    254 |    816 |   2918 |   6 |  782.0 |
       Dungeon |   4674 |   4436 |    238 |    816 |   2918 |   5 |  934.8 |
        Temple |     18 |      2 |     16 |      0 |      0 |   1 |   18.0 |
               +--------+--------+--------+--------+--------+-----+--------+

Top non-repeatable levels by time:
     D:4: 1320 daAuts
     D:1: 1005 daAuts
     D:5: 927 daAuts
     D:3: 888 daAuts
     D:2: 532 daAuts
  Temple: 18 daAuts
